 Dungeon Crawl Stone Soup version 0.17-a0-1798-g879a7aa (webtiles) character file.

89 shakdrar the Skirmisher (level 4, 0/37 HPs)
             Began as a Demonspawn Abyssal Knight on Sept 10, 2015.
             Was a Believer of Lugonu.
             Slain by an orc priest
             ... wielding a +0 club
              (3 damage)
             ... on level 3 of the Dungeon.
             The game lasted 00:07:24 (2271 turns).

shakdrar the Skirmisher (Demonspawn Abyssal Knight) Turns: 2271, Time: 00:07:24

Health: 0/37       AC:  4    Str: 13    XL:     4   Next: 31%
Magic:  6/6        EV: 11    Int: 13    God:    Lugonu [**....]
Gold:   79         SH:  0    Dex: 13    Spells: 0 memorised, 3 levels left

rFire  . . .     SeeInvis .     a - +2 hand axe
rCold  . . .     Clarity  .     b - +1 leather armour
rNeg   . . .     SustAt   .     (no shield)
rPois  .         Gourm    .     (no helmet)
rElec  .         Spirit   .     (no cloak)
rCorr  .         Warding  .     (no gloves)
rMut   .         Stasis   .     (no boots)
MR     .....                    (no amulet)
Stlth  +.........               (no ring)
                                (no ring)

@: not resistant to hostile enchantments, very unstealthy
A: powered by death 1
a: Depart the Abyss, Bend Space, Renounce Religion


You were on level 3 of the Dungeon.
You worshipped Lugonu.
Lugonu was pleased with you.
You were not hungry.

You visited 1 branch of the dungeon, and saw 3 of its levels.
You visited the Abyss 1 time.

You collected 79 gold pieces.

Inventory:

Hand weapons
 a - a +2 hand axe (weapon)
Missiles
 j - 6 javelins (quivered)
Armour
 b - a +1 leather armour (worn)
Jewellery
 k - an uncursed ring of flight {unknown}
Scrolls
 e - 3 scrolls of identify
 g - 2 scrolls of remove curse
Potions
 d - 2 potions of curing
 f - a potion of heal wounds {unknown}
 i - a potion of might
 l - a potion of degeneration {unknown}
Comestibles
 c - 7 bread rations
 h - a meat ration


   Skills:
 + Level 3.8 Fighting
 + Level 2.3 Axes
 + Level 2.5 Armour
 + Level 1.4 Dodging
 + Level 0.1 Unarmed Combat
 + Level 2.9 Invocations


You had 3 spell levels left.
You didn't know any spells.

Dungeon Overview and Level Annotations

Branches:
Dungeon (3/15)

Altars:
Gozag

Annotations:
D:3 Sigmund


Innate Abilities, Weirdness & Mutations

You regenerate a little health from kills.


Message History

You hit the orc priest.
The orc priest is severely wounded.
The orc priest casts a cantrip, but nothing happens.
You hit the orc priest but do no damage.
The orc priest is severely wounded.
The orc priest hits you but does no damage.
You hit the orc priest.
The orc priest is almost dead.
The orc priest hits you with a club.
* * * LOW HITPOINT WARNING * * *
You barely miss the orc priest.
The orc priest is almost dead.
The orc priest hits you but does no damage.
You hit the orc priest but do no damage.
The orc priest is almost dead.
The orc priest closely misses you.
You barely miss the orc priest.
The orc priest is almost dead.
The orc priest hits you with a club.
You die...

#..........#..#.)..######
#...............##....
#.#######..#........†.
##o# ### #.##..........
#..#######..#....#.####
#....'_+......)..#.#
#.#####..###'###..#.#.##.#
#........# #.# #..#.#.##.#
########.###@###..#......#
#...o.....####.#######
##......######......##
######.....<..####.##
########.####.## #.#......
#.#.##.## #.#.##.##
#......##


You could see an orc priest.

Vanquished Creatures
  Natasha (D:3)
  An adder (D:3)
  A worm (D:2)
  2 giant geckos (D:1)
  7 orcs (D:3)
  5 bats
  5 hobgoblins
  6 kobolds
  A ball python (D:2)
  3 giant cockroaches
  3 giant newts
  4 goblins
  5 rats
44 creatures vanquished.

Notes
Turn   | Place    | Note
--------------------------------------------------------------
     0 | Abyss:1  | shakdrar the Demonspawn Abyssal Knight began the quest for the Orb.
     0 | Abyss:1  | Reached XP level 1. HP: 18/18 MP: 2/2
    52 | Abyss:1  | Noticed an ancient zyme
    53 | D:1      | Escaped the Abyss
   382 | D:1      | Acquired Lugonu's first power
   382 | D:1      | Gained mutation: You regenerate a little health from kills. [demonic ancestry]
   382 | D:1      | Reached XP level 2. HP: 16/24 MP: 3/3
  1461 | D:2      | Reached XP level 3. HP: 14/29 MP: 5/5
  1814 | D:3      | Reached skill level 1 in Dodging
  1976 | D:3      | Acquired Lugonu's second power
  1994 | D:3      | Noticed Sigmund
  2155 | D:3      | Noticed Natasha
  2199 | D:3      | Killed Natasha
  2199 | D:3      | Reached XP level 4. HP: 24/37 MP: 6/6
  2232 | D:3      | Found an opulent altar of Gozag.
  2271 | D:3      | Slain by an orc priest

Vault maps used:
D:1:      dpeg_arrival_rhombus, hangedman_decor_clover_reticule
D:2:      first_bread, kennysheep_small_spiral, roderic_serpentine_path,
          roderic_malta_cross
D:3:      trog_eyes_of_draining, lemuel_doored_altar,
          gammafunk_temple_overflow_pools, uniq_sigmund, uniq_natasha

Action                   |  1- 3 |  4- 6 || total
-------------------------+-------+-------++-------
Melee: Hand axe          |   148 |    10 ||   158
       Unarmed           |     5 |     1 ||     6
Invok: Depart the Abyss  |     1 |       ||     1
  Use: Scroll            |    10 |       ||    10
       Potion            |     6 |       ||     6
 Stab: Sleeping          |     1 |       ||     1
  Eat: Chunk             |     2 |     1 ||     3
       Royal jelly       |     1 |       ||     1
